Map: Dusk Towers

Players

Lilbow - Winner!

  • Race: Protoss Protoss
  • League: Grandmaster

ShoWTimE

  • Race: Protoss Protoss
  • League: Master

Event: DreamHack ZOWIE Open Leipzig

VOD

Have the link to the VOD?

Description

Time

  • Played on: Jan. 22, 2016, 2:29 p.m.
  • Length: 8:13

All games in this series

Show
View Real Time Build Order
Export as new Build Order

Lilbow Protoss - Winner!

Build Orders: 1 Gate Expand, Oracle Opening 

Get SALT Encoding   

  12  0:00  Probe (Chrono Boost)  
  13  0:11  Probe (Chrono Boost)  
  14  0:17  Pylon  
  14  0:22  Probe (Chrono Boost)  
  16  0:35  Probe (Chrono Boost)  
  16  0:36  Gateway  
  16  0:42  Assimilator  
  16  0:46  Probe (Chrono Boost)  
  17  0:57  Probe (Chrono Boost)  
  18  1:07  Probe (Chrono Boost)  
  19  1:18  Nexus  
  19  1:27  Cybernetics Core  
  19  1:31  Probe (Chrono Boost)  
  20  1:36  Assimilator  
  20  1:41  Probe (Chrono Boost)  
  20  1:45  Pylon  
  21  1:52  Probe (Chrono Boost)  
  22  2:02  Probe (Chrono Boost)  
  22  2:03  Adept  
  22  2:04  Warp Gate  
  25  2:13  Probe (Chrono Boost)  
  26  2:23  Probe (Chrono Boost)  
  26  2:28  Stargate  
  27  2:31  Adept  
  27  2:32  Probe (Chrono Boost)  
  27  2:34  Probe (Chrono Boost)  
  31  2:43  Probe (Chrono Boost)  
  32  2:44  Probe (Chrono Boost)  
  32  2:51  Assimilator  
  33  2:53  Probe (Chrono Boost)  
  33  2:55  Probe (Chrono Boost)  
  33  2:58  Adept  
  37  3:03  Probe (Chrono Boost)  
  39  3:05  Probe (Chrono Boost)  
  39  3:11  Oracle (Chrono Boost)  
  42  3:13  Probe  
  42  3:15  Pylon  
  42  3:16  Probe  
  44  3:23  Probe  
  45  3:29  Robotics Facility  
  45  3:34  Mothership Core, Probe  
  47  3:37  Pylon  
  48  3:44  Probe  
  48  3:48  Assimilator  
  49  3:55  Probe x2  
  51  4:05  Probe  
  51  4:07  Probe  
  53  4:16  Probe  
  53  4:19  Probe  
  55  4:26  Probe  
  55  4:29  Void Ray (Chrono Boost)  
  56  4:31  Probe  
  56  4:37  Probe  
  56  4:40  Gateway  
  56  4:43  Probe  
  56  4:44  Gateway, Observer (Chrono Boost)  
  58  4:46  Gateway  
  58  4:50  Sentry, Probe, Pylon  
  61  4:55  Probe  
  62  5:08  Probe x2, Pylon  
  62  5:09  Void Ray (Chrono Boost)  
  67  5:14  Immortal  
  67  5:20  Probe  
  70  5:24  Nexus  
  70  5:25  Pylon  
  69  5:33  Probe  
  69  5:34  Probe  
  69  5:43  Sentry x2, Stalker  
  69  5:44  Stalker  
  69  5:45  Gateway, Probe  
  69  5:46  Probe, Void Ray (Chrono Boost)  
  83  5:58  Pylon  
  83  6:00  Pylon  
  83  6:11  Immortal  
  83  6:17  Stalker x3  
  93  6:19  Stalker  
  93  6:25  Gateway  
  95  6:26  Pylon  
  95  6:31  Gateway  
  95  6:41  Sentry x2  
  95  6:42  Stalker x3  
  95  6:44  Gateway  
  105  6:48  Pylon  
  105  7:05  Stalker  
  105  7:06  Stalker x4  
  115  7:27  Zealot x6  
  115  7:32  Stalker x2  
  115  7:35  Stalker x5  
  129  7:39  Stalker  
  118  7:59  Stalker x4, Adept  
  118  8:00  Adept x2  
  128  8:10  Stalker  
Show
View Real Time Build Order
Export as new Build Order

ShoWTimE Protoss 

Build Orders: 1 Gate Expand, Blink Stalkers, Zealot Archon 

Get SALT Encoding   

  12  0:00  Probe (Chrono Boost)  
  13  0:11  Probe (Chrono Boost)  
  14  0:19  Pylon  
  14  0:22  Probe (Chrono Boost)  
  15  0:37  Gateway, Probe (Chrono Boost)  
  15  0:42  Assimilator  
  16  0:47  Probe (Chrono Boost)  
  17  0:58  Probe (Chrono Boost)  
  18  1:08  Probe (Chrono Boost)  
  19  1:18  Nexus  
  19  1:28  Cybernetics Core  
  19  1:31  Probe (Chrono Boost)  
  20  1:38  Assimilator  
  20  1:42  Probe (Chrono Boost)  
  21  1:48  Pylon  
  21  1:52  Probe (Chrono Boost)  
  22  2:03  Probe (Chrono Boost)  
  22  2:06  Adept, Warp Gate  
  25  2:13  Probe (Chrono Boost)  
  26  2:24  Probe (Chrono Boost)  
  26  2:25  Twilight Council  
  27  2:30  Probe (Chrono Boost)  
  27  2:34  Probe (Chrono Boost), Adept  
  31  2:41  Probe (Chrono Boost)  
  32  2:45  Probe (Chrono Boost)  
  32  2:50  Mothership Core (Chrono Boost)  
  35  2:55  Probe (Chrono Boost)  
  36  3:02  Blink (Chrono Boost)  
  36  3:07  Probe  
  36  3:08  Probe  
  36  3:12  Pylon  
  38  3:17  Pylon  
  38  3:19  Probe x2  
  39  3:25  Robotics Facility  
  40  3:29  Probe  
  40  3:31  Probe  
  42  3:40  Probe  
  42  3:41  Gateway  
  42  3:44  Gateway  
  42  3:47  Probe  
  44  3:50  Probe  
  44  3:51  Assimilator  
  44  3:53  Assimilator  
  45  3:59  Probe  
  45  4:01  Probe  
  47  4:08  Adept  
  49  4:11  Probe  
  46  4:18  Probe, Observer  
  46  4:23  Probe  
  46  4:28  Probe  
  43  4:35  Probe  
  44  4:39  Probe  
  44  4:41  Observer  
  44  4:45  Stalker, Nexus  
  46  4:49  Probe  
  46  4:50  Probe  
  50  4:56  Stalker  
  52  5:01  Probe x2  
  54  5:12  Probe  
  54  5:13  Probe  
  54  5:22  Probe  
  54  5:25  Probe  
  54  5:33  Probe  
  54  5:34  Charge (Chrono Boost)  
  50  5:37  Probe  
  51  5:43  Probe  
  51  5:45  Templar Archives  
  51  5:49  Probe  
  53  5:51  Gateway, Pylon  
  53  5:54  Probe  
  53  5:56  Probe  
  54  5:57  Gateway  
  54  5:59  Stalker  
  54  6:01  Stalker  
  54  6:02  Probe  
  60  6:04  Probe  
  60  6:08  Probe  
  62  6:14  Probe  
  62  6:15  Gateway  
  62  6:17  Probe  
  63  6:18  Gateway  
  63  6:22  Probe  
  63  6:24  Gateway  
  64  6:26  High Templar  
  64  6:27  High Templar  
  64  6:28  Probe x2  
  64  6:30  Archon  
  70  6:34  Probe, Pylon, High Templar  
  73  6:40  Probe, Pylon  
  74  6:47  Probe, Immortal (Chrono Boost)  
  74  6:49  Probe  
  74  6:52  High Templar  
  74  6:53  Pylon  
  82  6:56  Archon  
  82  6:57  Zealot  
  82  6:59  Probe  
  82  7:01  Zealot x2  
  89  7:12  Zealot  
  90  7:17  Zealot, High Templar x2  
  90  7:19  Pylon  
  90  7:20  Pylon  
  90  7:21  Archon  
  96  7:24  Immortal (Chrono Boost), Pylon  
  96  7:26  Zealot x3  
  106  7:31  Zealot  
  106  7:32  Pylon  
  108  7:39  Zealot x2  
  108  7:40  Probe  
  108  7:41  Probe  
  108  7:42  Probe, Assimilator  
  108  7:43  Assimilator  
  115  7:49  Pylon  
  115  7:51  Pylon  
  100  8:01  Zealot x5  
  100  8:05  Zealot  
  100  8:06  Zealot x2  

Tags
 
Add a new tag
Caveats
  • Supply blocks, unpowered buildings, or Contaminate may cause inaccurate times.
  • Supply counts are checked every 10 seconds.